 Dungeon Crawl Stone Soup version 0.19.0-24-gb05acd6 (webtiles) character file.

24 SaintRoka the Cudgeler (level 3, -1/51 HPs)
             Began as a Naga Berserker on Nov 20, 2016.
             Was a Follower of Trog.
             Killed from afar by Natasha (8 damage)
             ... with a magic dart
             ... on level 2 of the Dungeon.
             The game lasted 00:00:42 (1025 turns).

SaintRoka the Cudgeler (Naga Berserker)             Turns: 1025, Time: 00:00:43

Health: -1/51      AC:  3    Str: 25    XL:     3   Next: 2%
Magic:  3/3        EV:  9    Int:  7    God:    Trog [*.....]
Gold:   116        SH:  0    Dex: 10    Spells: 0 memorised, 2 levels left

rFire  . . .     SeeInvis +     a - +0 mace
rCold  . . .     Gourm    .     f - +0 ring mail
rNeg   . . .     Faith    .     (no shield)
rPois  +         Spirit   .     (no helmet)
rElec  .         Reflect  .     (no cloak)
rCorr  .         Harm     .     (no gloves)
MR     .....                    (no barding)
Stlth  ..........               (no amulet)
                                (no ring)
                                (no ring)

@: berserking (expiring), quick
A: see invisible, deformed body, poison resistance, slowness 2, slow metabolism
1, spit poison 1, AC +1
a: Spit Poison, Berserk, Burn Spellbooks, Renounce Religion


You were on level 2 of the Dungeon.
You worshipped Trog.
Trog was aware of your devotion.
You were hungry.

You visited 1 branch of the dungeon, and saw 2 of its levels.

You collected 116 gold pieces.

Inventory:

Hand Weapons
 a - a +0 mace (weapon)
Armour
 b - a +0 animal skin
 f - a +0 ring mail (worn)
Scrolls
 g - a scroll of identify {unknown}
 j - 2 scrolls of noise {unknown}
 n - a scroll of remove curse {unknown}
Potions
 d - a potion of mutation {unknown}
 e - a potion of cure mutation {unknown}
 i - a potion of might {unknown}
 l - a potion of heal wounds {unknown}
Comestibles
 c - 2 bread rations
 h - 2 meat rations
 k - a royal jelly


   Skills:
 - Level 3.0 Fighting
 + Level 4.1 Maces & Flails
 - Level 1.5 Armour
 - Level 1.5 Dodging


You had 2 spell levels left.
You didn't know any spells.

Dungeon Overview and Level Annotations

Branches:
Dungeon (2/15)

Altars:

Annotations:
D:2 Natasha


Innate Abilities, Weirdness & Mutations

You cannot wear boots.
Your serpentine skin is tough. (AC +1)
You have supernaturally acute eyesight. (SInv)
Armour fits poorly on your strangely shaped body.
Your system is resistant to poisons. (rPois)
You cover ground very slowly.
You have a slow metabolism.
You can spit poison.


Message History

The kobold hits you but does no damage.
Natasha mumbles some strange words.
You closely miss Natasha. The crimson imp hits you.
* * * LOW HITPOINT WARNING * * *
The rat bites you.
* * * LOW HITPOINT WARNING * * *
The kobold hits you but does no damage.
You closely miss Natasha.
The hobgoblin shouts!
Natasha claws you.
* * * LOW HITPOINT WARNING * * *
The crimson imp hits you.
* * * LOW HITPOINT WARNING * * *
The rat closely misses you. The kobold hits you with a whip.
* * * LOW HITPOINT WARNING * * *
Unknown command.
You closely miss Natasha.
The crimson imp blinks!
Natasha stares at you and mumbles some strange words.
The magic dart hits you!
You die...

....# #...#
..... ..5# .###
#..# .... #§.#
#..#.h#####.#
#..†@Kg......
......r5#......#
.###.###..#.#..#
# ... .. # ..#.
.# #.... # ##.##
#.


You could see Natasha, 2 crimson imps, a hobgoblin, a kobold and a rat.

Vanquished Creatures
  An adder (D:2)
  2 giant cockroaches (D:1)
  2 goblins (D:1)
  2 jackals (D:1)
  5 bats (D:1)
  2 frilled lizards (D:1)
  A kobold (D:1)
  A rat (D:1)
16 creatures vanquished.

Notes
Turn   | Place    | Note
-------+----------+-------------------------------------------
     0 | D:1      | SaintRoka the Naga Berserker began the quest for the Orb.
     0 | D:1      | Reached XP level 1. HP: 21/21 MP: 1/1
   134 | D:1      | Reached XP level 2. HP: 8/28 MP: 2/2
  1014 | D:2      | Noticed Natasha
  1020 | D:2      | Noticed a crimson imp
  1021 | D:2      | Reached skill level 4 in Maces & Flails
  1021 | D:2      | Reached XP level 3. HP: 28/34 MP: 3/3
  1025 | D:2      | Killed from afar by Natasha

Skill      XL: |  1  2 |
---------------+-------+-----
Maces & Flails | 4 |  4.1
Fighting       | |  3.0
Armour         | |  1.5
Dodging        | |  1.5

Action                   || total
-------------------------++-------
Melee: Mace              ||    72
Invok: Berserk           ||     1
 Abil: Spit Poison       ||     1
Armor: Ring mail         ||    38
       Animal skin       ||     4
Dodge: Dodged            ||    49
